 Dungeon Crawl Stone Soup version 0.30.0-5-g1a98f26d00 (webtiles) character file.

Game seed: 1253594509572766017

51781 MacCMillion the Earth Mage (level 14, -2/90 HPs)
             Began as a Gargoyle Earth Elementalist on May 12, 2023.
             Was a High Priest of Vehumet.
             Shot with a bolt by an orc warrior (16 damage)
             ... on level 2 of the Orcish Mines.
             The game lasted 01:01:35 (23401 turns).

MacCMillion the Earth Mage (GrEE)                  Turns: 23401, Time: 01:01:35

Health: -2/90      AC: 20    Str: 18    XL:     14   Next: 61%
Magic:  8/26       EV: 13    Int: 21    God:    Vehumet [*****.]
Gold:   1423       SH:  0    Dex: 10    Spells: 0/29 levels left

rFire   + . .        z - +1 sling
rCold   + . .        (no shield)
rNeg    + . .        P - +0 leather armour {rC+ rF+}
rPois   ∞            H - +2 helmet
rElec   +            x - +0 cloak
rCorr   .            C - +0 pair of gloves
SInv    .            h - +0 pair of boots
Will    ++...        u - amulet of magic regeneration
Stlth   ++           G - ring of willpower
HPRegen 0.35/turn    t - +6 ring of strength
MPRegen 0.60/turn

%: no passive effects
@: about to teleport, flying
A: sickness immunity, AC +10, big wings, negative energy resistance 1,
electricity resistance, torment resistance 1, petrification resistance
a: Renounce Religion


You were on level 2 of the Orcish Mines.
You worshipped Vehumet.
Vehumet was extremely pleased with you.
You visited 4 branches of the dungeon, and saw 19 of its levels.
You also visited: Sewer and Ice Cave.

You collected 1423 gold pieces.

Inventory:

Hand Weapons
 z - a +1 sling (weapon)
Missiles
 v - 2 throwing nets
 w - 38 poisoned darts
 K - 13 boomerangs
 Q - 11 curare-tipped darts
Armour
 h - a +0 pair of boots (worn)
 p - +0 acid dragon scales
 x - a +0 cloak (worn)
 C - a +0 pair of gloves (worn)
 H - a +2 helmet (worn)
 P - a +0 leather armour of resistance (worn)
Jewellery
 d - a ring of protection from cold
 g - a ring of positive energy
 t - a +6 ring of strength (right hand)
 u - an amulet of magic regeneration (around neck)
 G - a ring of willpower (left hand)
 N - a ring of ice
 O - the ring of Egomania {rElec rF- rC+ Str+3}
   (You found it on level 3 of the Lair of Beasts)

   [ring of protection from cold]

   Str:       It affects your strength (+3).
   rF:        It makes you vulnerable to fire.
   rC:        It protects you from cold.
   rElec:     It insulates you from electricity.
 R - a ring of positive energy
 Z - a ring of ice
Wands
 j - a wand of digging (8)
 l - a wand of iceblast (6)
 B - a wand of light (12)
 E - a wand of flame (29)
 I - a wand of paralysis (3)
Scrolls
 a - a scroll of magic mapping
 c - a scroll of butterflies
 e - 2 scrolls of enchant armour
 k - 2 scrolls of silence
 m - 2 scrolls of enchant weapon
 o - 4 scrolls of teleportation
 y - a scroll of fear
 D - a scroll of amnesia
 F - 2 scrolls of vulnerability {unknown}
 M - 3 scrolls of fog {unknown}
 T - a scroll of brand weapon
 W - 2 scrolls of noise {unknown}
Potions
 b - a potion of magic
 f - 6 potions of curing
 n - 5 potions of might
 q - 3 potions of heal wounds
 r - 2 potions of berserk rage
 s - 2 potions of mutation
 A - 3 potions of haste
 J - a potion of attraction {unknown}
 L - a potion of lignification {unknown}
 S - 3 potions of brilliance
 U - 7 potions of degeneration
 V - a potion of flight {unknown}
 Y - a potion of ambrosia {unknown}
Miscellaneous
 X - a tin of tremorstones (2/2)


   Skills:
 - Level 11.0 Fighting
 - Level 5.0 Armour
 - Level 6.0 Dodging
 - Level 4.0 Stealth
 - Level 8.2 Spellcasting
 - Level 11.0 Conjurations
 + Level 5.5 Summonings
 - Level 0.7 Transmutations
 - Level 8.0 Fire Magic
 - Level 3.0 Air Magic
 - Level 15.0 Earth Magic
 - Level 5.0 Poison Magic


You couldn't memorise any spells.
You knew the following spells:

 Your Spells              Type           Power      Damage    Failure   Level
a - Spellforged Servitor  Conj/Summ      21%        N/A       52%         7
b - Stone Arrow           Conj/Erth      100%       3d13      1%          3
c - Mephitic Cloud        Conj/Pois/Air  35%        N/A       1%          3
d - Flame Wave            Conj/Fire      48%        2d12      1%          4
e - Lee's Rapid Deconstr  Erth           32%        3d16*     1%          5
f - Orb of Destruction    Conj           26%        9d9       21%         7

Your spell library contained the following spells:

 Spells                   Type           Power      Damage    Failure   Level
 Sandblast                Erth           100%       2d20      0%          1
 Magic Dart               Conj           100%       1d8       1%          1
 Call Imp                 Summ           62%        N/A       1%          2
 Momentum Strike          Conj/Tloc      62%        3d9       1%          2
 Passwall                 Tmut/Erth      34%        N/A       1%          2
 Poisonous Vapours        Pois/Air       50%        N/A       1%          2
 Static Discharge         Conj/Air       76%        2-6/arc   1%          2
 Inner Flame              Hex/Fire       25%        N/A       1%          3
 Sticky Flame             Conj/Fire      48%        2d7       1%          4
 Sting                    Tmut/Pois      80%        1d7       2%          1
 Olgreb's Toxic Radiance  Pois           29%        N/A       3%          4
 Petrify                  Tmut/Erth      41%        N/A       3%          4
 Leda's Liquefaction      Hex/Erth       20%        N/A       4%          4
 Airstrike                Air            10%        2d(2-18)  7%          4
 Necrotise                Necr           32%        1d5       10%         1
 Lesser Beckoning         Tloc           16%        N/A       14%         2
 Summon Lightning Spire   Summ/Air       26%        N/A       16%         4
 Ozocubu's Armour         Ice            8%         N/A       28%         3
 Portal Projectile        Hex/Tloc       16%        N/A       28%         3
 Tukima's Dance           Hex            8%         N/A       28%         3
 Vampiric Draining        Necr           8%         2d6       28%         3
 Plasma Beam              Fire/Air       15%        2x1d29    36%         6
 Passage of Golubria      Tloc           8%         N/A       67%         4
 Blade Hands              Tmut           5%         N/A       88%         5
 Agony                    Necr           8%         N/A       95%         5
 Malign Gateway           Summ/Tloc      10%        N/A       100%        7
 Polar Vortex             Ice            4%         N/A       100%        9
 Cigotuvi's Dreadful Rot  Necr/Pois/Air  Unusable   N/A       N/A         2
 Statue Form              Tmut/Erth      Unusable   N/A       N/A         6

Dungeon Overview and Level Annotations

Branches:
Dungeon (11/15)            Temple (1/1) D:7            Lair (5/5) D:11
 Shoals (0/4) Lair:3        Snake (0/4) Lair:3        Slime (0/5) Lair:5
    Orc (2/2) D:10          Sewer (visited)           IceCv (visited)
    Elf: Orc:2

Altars:
Ashenzari
Cheibriados
Dithmenos
Elyvilon
Fedhas
Gozag
Hepliaklqana
Kikubaaqudgha
Makhleb
Nemelex Xobeh
Okawaru
Qazlal
Ru
Sif Muna
Trog
Uskayaw
Vehumet
Wu Jian
Xom
Yredelemnul
Zin
The Shining One
Jiyva
Lugonu

Shops:
D:7 *   Orc:2 ([(

Portals:
Abyss: D:5
Trove: D:11 (show slimy rune of Zot)

Annotations:
D:3 Terence
D:5 2 runed translucent doors, Ijyb
D:11 Erolcha
Lair:3 3 runed translucent doors, Voland's ghost, journeyman TeAE


Innate Abilities, Weirdness & Mutations

You are immune to sickness and miasma.
Your stone body is resilient. (AC +10)
You are immune to poison.
Your large and strong wings let you fly.
You resist negative energy. (rN+)
You are resistant to electric shocks. (rElec)
You are resistant to unholy torment.
You are immune to petrification.


Message History

A nearby fungus withers and dies.
The orc warrior hits the fungus with a +0 glaive!
The fungus begins to die.
An orc sorcerer comes into view. It is wielding a +0 dagger.
An orc high priest comes into view. It is wielding a +0 scimitar.
The orc knight hits you from afar with a +1 bardiche!
* * * LOW HITPOINT WARNING * * *
An orc warrior comes into view. It is wielding a +0 battleaxe.
The orc warrior shoots a bolt.
The bolt closely misses you.
Unknown command.
Unknown command.
You feel much better.
An orc comes into view. It is wielding a +0 whip.
The orc warrior hits the fungus with a +0 glaive!!
An orc comes into view. It is wielding a +0 dagger.
The orc knight roars a battlecry!
The orcs go into a battle-frenzy!
The orc warrior shoots a bolt.
The bolt closely misses you.
Casting: Flame Wave (mildly dangerous; 1% risk of failure)
Confirm with . or Enter, or press ? or * to list all spells.
Okay, then.
As you read the scroll of teleportation, it crumbles to dust.
You feel strangely unstable. The warg closely misses you.
The orc warrior hits the fungus with a +0 glaive!!
The orc sorcerer gestures wildly while chanting.
The orc knight hits you from afar with a +1 bardiche!
* * * LOW HITPOINT WARNING * * *
The orc warrior unwields a +0 battleaxe.
The orc warrior wields a +0 arbalest.
The orc warrior shoots a bolt.
The bolt misses you.
An orc warrior comes into view. It is wielding a +0 hand axe.
The orc warrior shoots a bolt.
The bolt closely misses you. The warg bites you.
* * * LOW HITPOINT WARNING * * *
Found a stone staircase leading up.
The orc knight roars a battlecry!
The orc sorcerer gestures wildly while chanting.
Something hits the fungus!!
The orc warrior shoots a bolt.
The bolt hits you.
* * * LOW HITPOINT WARNING * * *
The orc warrior shoots a bolt.
The bolt hits you!
You die...

... .# <..
#....# ....
#...... .....
.#..... .....#
.......
#.....###.......
#..............
#..@.)o..oP.
.....#.h..o...Po
........))...oP.
..o..#T...o∩....
..o.........8...
#.3o.#..........
.......PP.P..P.P
#.o...$.........
.............#.


You could see an orc knight, an orc high priest (strong), a troll, a ynoxinul
(summoned, wandering), a warg, an orc sorcerer, 4 orc warriors and 2 orcs.

Vanquished Creatures
  Josephine (Lair:4)
  A fire dragon (Lair:5)
  2 hydras
  A two-headed ogre (D:11)
  4 orc high priests (Orc:2)
  A skyshark (Lair:2)
  A lindwurm (Lair:5)
  A necromancer (IceCv)
  A bog body (IceCv)
  A harpy (Lair:3)
  2 orc sorcerers (Orc:2)
  An orc knight (Orc:1)
  7 black mambas
  14 elephants
  2 ice statues (IceCv)
  2 molten gargoyles (Lair:5)
  A gargoyle (D:11)
  11 cane toads
  A torpor snail (Lair:5)
  2 anaconda simulacra (IceCv)
  A rime drake (Lair:5)
  9 komodo dragons
  7 ice devils (IceCv)
  4 polar bears
  5 trolls
  2 hornets
  Prince Ribbit (D:7)
  18 blink frogs
  4 dire elephant simulacra (IceCv)
  5 wyverns
  A vampire (D:11)
  Grum (D:8)
  5 wraiths
  3 basilisks
  43 yaks
  A death yak simulacrum (IceCv)
  3 steam dragons
  Menkaure (D:7)
  3 harpy simulacra (IceCv)
  A warg (Orc:2)
  4 nagas (Lair:3)
  3 acid dragons (D:10)
  A hydra simulacrum (IceCv)
  15 water moccasins
  4 hell hounds (Lair:5)
  15 orc warriors
  Pargi (Sewer)
  7 ogres
  7 wolves
  A centaur (D:9)
  5 kobold brigands
  12 bullfrogs
  2 scorpions (D:6)
  6 gnoll sergeants
  13 wights
  2 elephant simulacra (IceCv)
  6 killer bees (D:9)
  2 vampire bats (Lair:5)
  4 howler monkeys
  5 lava snakes (Lair:5)
  A bullfrog zombie (D:4)
  A centaur zombie (D:4)
  12 hounds
  3 gnoll boudas
  6 orc priests
  3 sleepcaps
  2 hell rats (Lair:4)
  5 orc wizards
  Natasha (thrice) (D:4)
  4 iguanas
  A spectral hound (D:4)
  A hound zombie (D:4)
  A scorpion simulacrum (D:4)
  28 gnolls
  16 adders
  15 river rats
  A naga simulacrum (IceCv)
  2 shadow imps
  2 ufetubi
  An adder skeleton (D:4)
  4 worms
  A dart slug (D:1)
  44 orcs
  11 bats
  5 endoplasms
  3 giant cockroaches
  3 goblins
  4 hobgoblins
  4 jackals
  2 quokkas
  7 ball pythons
  7 frilled lizards
  17 kobolds
  23 rats
533 creatures vanquished.

Notes
Turn   | Place    | Note
-------+----------+-------------------------------------------
     0 | D:1      | MacCMillion the Gargoyle Earth Elementalist began the quest
                  | for the Orb.
     0 | D:1      | Reached XP level 1. HP: 10/10 MP: 3/3
   203 | D:1      | Reached skill level 4 in Earth Magic
   235 | D:1      | Reached XP level 2. HP: 15/15 MP: 1/5
   666 | D:1      | Reached XP level 3. HP: 19/19 MP: 4/6
   697 | D:1      | Reached skill level 5 in Earth Magic
   991 | D:1      | Learned a level 3 spell: Stone Arrow
  1391 | D:2      | Found a faded altar of an unknown god.
  1522 | D:2      | Reached skill level 1 in Conjurations
  1588 | D:2      | Reached XP level 4. HP: 24/24 MP: 5/7
  1877 | D:2      | Reached XP level 5. HP: 28/28 MP: 5/8
  1880 | D:2      | Reached skill level 6 in Earth Magic
  2642 | D:3      | Noticed Terence
  2951 | D:3      | Found an iron altar of Okawaru.
  2960 | D:3      | Found a shimmering blue altar of Sif Muna.
  3142 | D:3      | Found a glowing silver altar of Zin.
  3476 | D:4      | Reached XP level 6. HP: 32/32 MP: 6/9
  3835 | D:4      | Got Sudil's Discourse on Phantasmal Aeromancy
  3884 | D:4      | Reached skill level 7 in Earth Magic
  4403 | D:4      | Noticed Natasha
  4414 | D:4      | Killed Natasha
  4415 | D:4      | Reached XP level 7. HP: 36/36 MP: 8/10
  4498 | D:4      | Reached skill level 5 in Conjurations
  4563 | D:4      | Identified the +5 dagger "Bemauc" {pain, rC+ rN+}
  4599 | D:4      | Noticed Natasha
  4601 | D:4      | Killed Natasha
  4602 | D:4      | Reached skill level 8 in Earth Magic
  4702 | D:4      | Noticed Natasha
  4706 | D:4      | Killed Natasha
  5024 | D:5      | Entered Level 5 of the Dungeon
  5430 | D:5      | Found a shadowy altar of Dithmenos.
  5604 | D:5      | Reached skill level 9 in Earth Magic
  5604 | D:5      | Reached skill level 1 in Fighting
  5666 | D:5      | Found a one-way gate to the infinite horrors of the Abyss.
  5789 | D:5      | Found a broken altar of Ashenzari.
  5812 | D:5      | Reached XP level 8. HP: 44/44 MP: 9/11
  5886 | D:5      | Found a large runed translucent door.
  5887 | D:5      | Found a large runed translucent door.
  6238 | D:5      | Noticed Ijyb
  6275 | D:5      | Found a corrupted altar of Lugonu.
  6751 | D:6      | Found a glowing drain.
  6760 | Sewer    | Entered a sewer
  6916 | Sewer    | Noticed Pargi
  6921 | Sewer    | Killed Pargi
  7469 | D:7      | Noticed a hornet
  7473 | D:7      | Killed a hornet
  7474 | D:7      | Reached XP level 9. HP: 35/53 MP: 1/12
  7631 | D:7      | Reached skill level 5 in Fighting
  8282 | D:7      | Noticed Prince Ribbit
  8291 | D:7      | Killed Prince Ribbit
  8351 | D:7      | Noticed a troll
  8377 | D:7      | Noticed Menkaure
  8395 | D:7      | Killed Menkaure
  8459 | D:7      | Killed a troll
  8460 | D:7      | Reached skill level 5 in Dodging
  8493 | D:7      | Found a staircase to the Ecumenical Temple.
  8502 | Temple   | Entered the Ecumenical Temple
  8551 | Temple   | Became a worshipper of Vehumet
  8622 | D:7      | Found Kanagakk's General Store.
  8972 | D:8      | Reached * piety under Vehumet
  8972 | D:8      | Offered knowledge of Shock by Vehumet.
  9101 | D:8      | Reached XP level 10. HP: 60/61 MP: 13/13
  9187 | D:8      | You fall into a shaft and drop 1 floor!
  9500 | D:9      | Identified the +6 bardiche of Equilibrium {protect, Fragile
                  | rPois rF+ Will+++}
 10015 | D:8      | Offered knowledge of Freeze by Vehumet.
 10016 | D:8      | Reached ** piety under Vehumet
 10058 | D:8      | Got the Book of Rime and Transposition
 10069 | D:8      | Noticed Grum
 10084 | D:8      | Killed Grum
 11139 | D:10     | Entered Level 10 of the Dungeon
 11256 | D:10     | Reached skill level 10 in Conjurations
 11396 | D:10     | Learned a level 3 spell: Mephitic Cloud
 11432 | D:10     | Reached skill level 1 in Poison Magic
 11434 | D:10     | Reached skill level 1 in Air Magic
 11576 | D:10     | Reached XP level 11. HP: 72/72 MP: 14/14
 11791 | D:10     | Found a bloodstained altar of Trog.
 11807 | D:10     | Offered knowledge of Volatile Blastmotes by Vehumet.
 11840 | D:10     | Reached skill level 10 in Fighting
 11962 | D:10     | Found a basalt altar of Yredelemnul.
 11990 | D:10     | Found an ornate altar of the Wu Jian Council.
 12096 | D:10     | Reached *** piety under Vehumet
 12189 | D:10     | Found a staircase to the Orcish Mines.
 13325 | D:11     | Reached skill level 5 in Poison Magic
 13365 | D:11     | Noticed Erolcha
 13511 | D:11     | Found a portal to a secret trove of treasure.
 13515 | D:11     | Noticed a two-headed ogre
 13551 | D:11     | Killed a two-headed ogre
 13552 | D:11     | Reached skill level 1 in Armour
 13810 | D:11     | Found a staircase to the Lair.
 13815 | Lair:1   | Entered Level 1 of the Lair of Beasts
 13821 | Lair:1   | Learned a level 4 spell: Flame Wave
 13873 | Lair:1   | Reached skill level 1 in Fire Magic
 14393 | Lair:1   | Offered knowledge of Fulminant Prism by Vehumet.
 14444 | Lair:1   | Reached skill level 5 in Fire Magic
 14984 | Lair:2   | Reached XP level 12. HP: 77/77 MP: 16/16
 15150 | Lair:2   | Found a stormy altar of Qazlal.
 15676 | Lair:2   | Reached **** piety under Vehumet
 15826 | Lair:2   | Offered knowledge of Frozen Ramparts by Vehumet.
 15916 | Lair:2   | Noticed a skyshark
 15927 | Lair:2   | Killed a skyshark
 16046 | Lair:2   | Noticed an eight-headed hydra
 16053 | Lair:2   | Killed an eight-headed hydra
 16054 | Lair:2   | Reached skill level 5 in Armour
 16481 | Lair:3   | Found a staircase to the Shoals.
 16877 | Lair:3   | You fall into a shaft and drop 2 floors!
 16877 | Lair:5   | Entered Level 5 of the Lair of Beasts
 16945 | Lair:5   | Reached skill level 5 in Spellcasting
 17084 | Lair:5   | Reached XP level 13. HP: 64/84 MP: 21/21
 17135 | Lair:5   | Identified a scroll of acquirement
 17136 | Lair:5   | Acquired a book of the Earth
 17144 | Lair:5   | Learned a level 5 spell: Lee's Rapid Deconstruction
 17230 | Lair:5   | Reached skill level 10 in Earth Magic
 17238 | Lair:5   | Reached ***** piety under Vehumet
 17265 | Lair:5   | Offered knowledge of Orb of Destruction by Vehumet.
 17311 | Lair:5   | Reached skill level 11 in Earth Magic
 17358 | Lair:5   | Found a frozen archway.
 17366 | IceCv    | Entered an ice cave
 17748 | IceCv    | Reached skill level 12 in Earth Magic
 18040 | IceCv    | Reached skill level 13 in Earth Magic
 18303 | Lair:5   | Found a viscous altar of Jiyva.
 18313 | Lair:5   | Found a staircase to the Slime Pits.
 18637 | Lair:4   | Noticed Josephine
 18652 | Lair:4   | Reached skill level 14 in Earth Magic
 18652 | Lair:4   | Killed Josephine
 18952 | Lair:3   | Learned a level 7 spell: Orb of Destruction
 19016 | Lair:3   | Found a staircase to the Snake Pit.
 19282 | Lair:3   | Identified the ring of Egomania {rElec rF- rC+ Str+3}
 19647 | Lair:3   | Found a runed translucent gate.
 19648 | Lair:3   | Found a runed translucent gate.
 19649 | Lair:3   | Found a runed translucent gate.
 19652 | Lair:3   | Noticed Voland's ghost (journeyman TeAE)
 19858 | Lair:3   | Gained mutation: Your large and strong wings let you fly.
                  | [Gargoyle growth]
 19858 | Lair:3   | Reached XP level 14. HP: 88/90 MP: 1/24
 21797 | Lair:5   | Offered knowledge of Spellforged Servitor by Vehumet.
 21798 | Lair:5   | Reached skill level 15 in Earth Magic
 21807 | Lair:5   | Learned a level 7 spell: Spellforged Servitor
 21828 | Lair:5   | Reached skill level 1 in Summonings
 21950 | Lair:5   | Found a large runed translucent door.
 21952 | Lair:5   | Found a large runed translucent door.
 22722 | Lair:5   | Identified the +3 robe of Levity {rCorr Dex+4}
 22941 | Orc:1    | Entered Level 1 of the Orcish Mines
 23352 | Orc:2    | Entered Level 2 of the Orcish Mines
 23352 | Orc:2    | Found Gypsow's Weapon Shop.
 23356 | Orc:2    | Noticed an orc warlord
 23368 | Orc:2    | Found Otettet's Antique Weapon Shop.
 23375 | Orc:2    | Noticed an orc warlord
 23383 | Orc:2    | Reached skill level 5 in Summonings
 23390 | Orc:2    | Found Sacoalao's Antique Armour Shop.
 23398 | Orc:2    | HP: 1/90 [orc knight/+1 bardiche (13)]
 23401 | Orc:2    | Shot with a bolt by an orc warrior

Illustrated notes

Levels and vault maps discovered:
D:1:      lightli_molten_gateway, layout_basic, corexii_corridor_pit,
          nicolae_titane
D:2:      layout_loops_cross, shapermc_ecumenical_altar_mp_highgroup,
          nicolae_half_adder
D:3:      layout_loops_ring, nicolae_overflow_crystal_walls,
          mainiacjoe_overflow_swirl, uniq_terence
D:4:      layout_rooms, dilly_guarded_unrand_morg
D:5:      due_chaos_kobolds, layout_basic, nicolae_dithmenos_shadow_blocks,
          overflow_temple_1_default, corexii_shack, uniq_ijyb
D:6:      layout_rooms, portal_sewer_entry_d
D:7:      layout_basic, minmay_temple_entry_gardened_gates, serial_shops, shop,
          dk_rats_in_the_wall, uniq_prince_ribbit1, uniq_menkaure
D:8:      layout_cave_pools, serial_gnoll_camp, gnoll_camp_mini_hut,
          gnoll_camp_mini_house, grums_kennel, gnoll_camp_mini_basic
D:9:      layout_stronghold
D:10:     layout_roguey, mainiacjoe_overflow_six_doors_small,
          mainiacjoe_overflow_two_lobes, kennysheep_orc_monster_closet_entryway
D:11:     layout_gridville, lair_entry_dummy, nicolae_trove_entry_crossroad,
          eino_house_with_fridge, uniq_erolcha
Temple:   zaba_magenta_temple
Lair:1:   layout_roguey, serial_bayou_crossing, grunt_megastairs_5,
          lemuel_fruit_tree, infiniplex_staircase_pool_2
Lair:2:   layout_small_grid, basic_altar, serial_rivers,
          chequers_serial_rivers_marsh, chequers_serial_rivers_micro_d,
          chequers_serial_rivers_micro_a, chequers_serial_rivers_small_b,
          chequers_serial_rivers_large_b, chequers_serial_rivers_small_b
Lair:3:   layout_long_grid, nicolae_shoals_entry_roost,
          minmay_snake_entry_guardpost_small, gammafunk_ghost_necromancy,
          minmay_hedge_maze, serial_bayou_pond_c, infiniplex_staircase_pool
Lair:4:   layout_loops_ring, kennysheep_rathole, uniq_josephine
Lair:5:   cheibrodos_lair_end_hotspot, layout_cave_pods,
          dpeg_slime_entry_corner, portal_ice_cave_entry_pillars_1,
          roderic_batcave
Orc:1:    layout_diamond_mine, basic_altar
Orc:2:    grunt_orc_gardens, layout_diamond_mine, grunt_orc_garden,
          grunt_orc_garden, grunt_orc_garden, grunt_orc_garden, serial_shops,
          shop, basic_altar, mines_bat_river

Skill      XL: |  1  2  3  4  5  6  7  8  9 10 11 12 13 14 |
---------------+-------------------------------------------+-----
Earth Magic    | 4 5 6 7 9 14 15 | 15.0
Conjurations   | 1 2 3 4 5 6 8 10 11 | 11.0
Fighting       | 1 4 6 9 10 11 | 11.0
Dodging        | 2 4 5 6 |  6.0
Poison Magic   | 2 5 |  5.0
Air Magic      | 1 3 |  3.0
Armour         | 1 5 |  5.0
Spellcasting   | 3 5 7 8 |  8.2
Stealth        | 4 |  4.0
Fire Magic     | 6 8 |  8.0
Summonings     | 5 |  5.5
Transmutations | |  0.7

Action                     |  1- 3 |  4- 6 |  7- 9 | 10-12 | 13-15 || total
---------------------------+-------+-------+-------+-------+-------++-------
  Melee: Dagger            |     1 |       |     4 |       |       ||     5
   Fire: Sling             |       |    10 |    46 |    65 |    25 ||   146
   Cast: Sandblast         |    38 |    93 |   168 |   376 |    59 ||   734
         Stone Arrow       |       |       |    24 |    82 |   238 ||   344
         Mephitic Cloud    |       |       |       |    26 |    13 ||    39
         Flame Wave        |       |       |       |     3 |    26 ||    29
         Lee's Rapid Decon |       |       |       |       |    28 ||    28
    Use: Scroll            |       |       |     7 |    11 |    11 ||    29
         Potion            |       |       |       |     1 |     2 ||     3
 Armour: Robe              |     8 |     8 |    13 |       |       ||    29
         Ring mail         |       |       |    35 |   187 |    78 ||   300
         Leather armour    |       |       |       |       |    17 ||    17
         Acid dragon scale |       |       |       |       |    13 ||    13
  Dodge: Dodged            |    10 |    12 |    63 |   192 |   150 ||   427
